Map: Ley Lines

Players

MasTeR

  • Race: Protoss Protoss
  • League: Master
  • Spawn Location: 7:00

SpeCial - Winner!

  • Race: Terran Terran
  • League: Grandmaster
  • Spawn Location: 1:00

VOD

Have the link to the VOD?

Description

Time

  • Played on: Aug. 3, 2025, 4:55 p.m.
  • Length: 12:48
Show
View Real Time Build Order
Export as new Build Order

MasTeR Protoss 

Build Orders: 1 Gate Expand, Blink Stalkers 

Get SALT Encoding   

  12  0:00  Probe  
  13  0:12  Probe  
  14  0:17  Pylon  
  14  0:24  Probe  
  15  0:32  Probe  
  15  0:36  Gateway  
  15  0:40  Probe  
  16  0:46  Assimilator  
  17  0:51  Probe  
  18  1:03  Probe  
  19  1:15  Probe  
  20  1:24  Cybernetics Core  
  20  1:33  Nexus  
  20  1:39  Pylon  
  20  1:43  Probe  
  21  1:50  Assimilator  
  21  1:51  Stalker  
  21  1:55  Probe  
  24  2:02  Warp Gate  
  24  2:07  Probe  
  25  2:19  Probe  
  25  2:21  Sentry  
  26  2:26  Shield Battery  
  28  2:31  Probe  
  29  2:41  Stalker, Shield Battery  
  29  2:43  Probe  
  30  2:45  Probe  
  33  2:55  Probe  
  33  2:56  Twilight Council  
  33  2:58  Probe  
  35  3:08  Probe  
  35  3:10  Probe, Blink  
  35  3:20  Probe  
  35  3:22  Probe  
  37  3:30  Gateway  
  37  3:31  Gateway  
  37  3:32  Probe  
  38  3:34  Probe  
  39  3:44  Probe, Pylon  
  39  3:46  Probe  
  41  3:50  Stalker  
  43  3:56  Probe  
  43  3:58  Probe  
  45  4:04  Robotics Facility  
  45  4:08  Probe  
  46  4:10  Probe  
  46  4:15  Assimilator x2  
  47  4:18  Stalker  
  47  4:20  Probe  
  47  4:22  Probe  
  51  4:27  Stalker  
  53  4:32  Probe  
  53  4:34  Pylon  
  54  4:39  Probe  
  54  4:44  Probe  
  52  4:51  Probe, Templar Archives  
  53  4:56  Probe  
  53  4:59  Charge  
  54  5:03  Probe  
  55  5:08  Gateway  
  55  5:09  Probe, Gateway  
  55  5:11  Gateway  
  55  5:12  Stalker  
  58  5:14  Observer  
  58  5:20  Pylon  
  60  5:24  Pylon  
  60  5:25  Stalker  
  61  5:48  Stalker x3  
  67  5:57  Probe x2  
  67  5:58  Psionic Storm  
  67  6:05  Pylon  
  67  6:06  Nexus  
  67  6:08  High Templar, Pylon  
  69  6:13  Zealot x2  
  69  6:15  Probe  
  74  6:21  High Templar  
  74  6:22  Probe, Zealot  
  75  6:25  Observer  
  75  6:28  Probe  
  75  6:31  High Templar  
  78  6:35  Probe  
  78  6:36  Shield Battery  
  78  6:39  Warp Prism  
  81  6:40  Probe  
  81  6:46  Observer  
  82  6:47  Probe  
  82  6:50  Observer  
  82  6:52  Probe, Pylon  
  82  6:53  Zealot x2  
  88  6:56  Pylon  
  88  7:00  Probe  
  88  7:01  Forge  
  89  7:05  Probe  
  90  7:09  Observer  
  90  7:10  Zealot, High Templar  
  90  7:14  Stalker x2  
  90  7:15  Observer  
  99  7:19  Stalker  
  101  7:24  Stalker  
  101  7:25  Probe x2  
  105  7:31  Probe, Observer  
  106  7:37  Probe, Zealot x3  
  106  7:41  Probe  
  106  7:42  Pylon  
  113  7:55  Probe x2  
  113  7:56  Assimilator  
  114  8:00  Assimilator  
  114  8:04  High Templar x3  
  114  8:05  Zealot x3  
  124  8:07  Probe x2  
  124  8:12  Robotics Facility  
  124  8:14  Archon  
  124  8:15  Probe  
  125  8:28  Zealot x3  
  125  8:31  Pylon  
  131  8:35  Nexus  
  131  8:36  Pylon  
  127  8:47  Stalker x3  
  108  8:55  Probe  
  108  8:59  Immortal, Stalker x2  
  108  9:02  Probe  
  113  9:04  Probe  
  113  9:07  Probe  
  117  9:10  Pylon  
  117  9:11  Pylon  
  117  9:12  Zealot x4  
  117  9:14  Probe  
  120  9:19  Robotics Bay  
  120  9:23  Gateway  
  120  9:24  Stalker x2  
  124  9:37  Zealot x4  
  130  9:43  Probe x2  
  128  9:45  Probe  
  128  9:50  Zealot x2  
  117  9:55  Probe x2  
  117  9:58  Probe  
  117  9:59  Probe, Colossus  
  111  10:03  Stalker x4  
  119  10:07  Probe x2, Pylon  
  127  10:14  Probe x2  
  127  10:20  Zealot x3  
  133  10:27  High Templar  
  133  10:28  High Templar  
  135  10:33  Zealot x2  
  139  10:36  Colossus  
  139  10:37  Pylon  
  139  10:38  Extended Thermal Lance  
  139  10:40  Forge  
  145  10:44  Zealot x3  
  149  10:50  Colossus  
  149  10:51  Gateway  
  153  11:01  Pylon  
  151  11:05  Zealot x3  
  151  11:06  Zealot  
  154  11:20  Zealot x2  
  154  11:21  Zealot  
  154  11:23  Shield Battery  
  160  11:28  High Templar x4  
  160  11:32  Archon x2  
  168  11:33  Nexus  
  168  11:35  Colossus  
  174  11:42  Gateway  
  166  11:48  Zealot x4  
  173  12:01  Zealot x2  
  173  12:02  Zealot  
  173  12:06  Pylon  
  179  12:10  Forge  
  163  12:25  Zealot x6  
  167  12:31  Zealot x2  
  154  12:42  Zealot  
Show
View Real Time Build Order
Export as new Build Order

SpeCial Terran - Winner!

Build Orders: Liberator Opening 

Get SALT Encoding   

  12  0:00  SCV  
  13  0:12  SCV  
  14  0:17  Supply Depot  
  14  0:24  SCV  
  15  0:39  Barracks, SCV  
  16  0:43  Refinery  
  16  0:51  SCV  
  16  0:53  Refinery  
  17  1:03  SCV  
  18  1:15  SCV  
  19  1:19  Supply Depot  
  19  1:29  Orbital Command, Reaper  
  20  1:40  Factory  
  20  1:57  SCV  
  21  2:02  Reaper  
  22  2:09  SCV  
  23  2:17  Command Center  
  23  2:21  SCV  
  24  2:27  Hellion  
  26  2:33  SCV  
  26  2:35  Starport  
  27  2:40  Barracks Reactor  
  27  2:45  SCV  
  27  2:47  Supply Depot  
  27  2:50  Widow Mine  
  30  2:57  SCV  
  31  3:10  SCV  
  32  3:14  Widow Mine  
  32  3:18  Marine x2  
  36  3:25  SCV  
  36  3:26  Medivac  
  39  3:30  Orbital Command  
  36  3:35  Marine  
  36  3:36  Marine  
  36  3:37  SCV  
  36  3:38  Widow Mine  
  41  3:49  SCV, Supply Depot  
  41  3:53  Marine x2  
  44  3:56  SCV  
  44  3:58  Liberator  
  44  4:01  Factory Tech Lab, SCV  
  49  4:08  SCV  
  50  4:11  Marine  
  50  4:13  SCV  
  50  4:16  Supply Depot, Bunker  
  52  4:18  Marine  
  52  4:20  SCV  
  54  4:29  Siege Tank, Marine  
  58  4:36  Barracks  
  58  4:37  SCV  
  58  4:44  Marine  
  59  4:47  Marine  
  59  4:49  SCV  
  59  4:50  SCV  
  60  4:52  Supply Depot  
  60  4:53  Starport Tech Lab  
  60  4:57  Barracks  
  60  5:02  Marine, SCV x2  
  60  5:05  Marine  
  60  5:06  Refinery  
  64  5:07  Engineering Bay  
  64  5:14  SCV x2  
  66  5:17  Supply Depot  
  66  5:20  Marine  
  67  5:22  Starport Reactor, Marine  
  67  5:26  SCV x2  
  70  5:33  Marine, Stimpack, Factory Reactor  
  71  5:38  SCV x2  
  68  5:44  Terran Infantry Weapons Level 1  
  68  5:45  Refinery  
  68  5:47  Supply Depot  
  64  5:50  SCV  
  64  5:51  Marauder  
  67  5:57  Marine x2  
  67  5:58  Marauder  
  67  5:59  Combat Shield  
  67  6:01  Medivac  
  73  6:08  Medivac  
  73  6:10  SCV x2  
  77  6:11  Supply Depot  
  77  6:13  Marauder  
  77  6:15  Marine x2  
  81  6:23  Marauder  
  80  6:28  Command Center  
  80  6:34  Marauder  
  80  6:36  Marine x2  
  80  6:38  Missile Turret  
  84  6:42  Widow Mine  
  84  6:43  Widow Mine  
  84  6:45  Marauder  
  91  6:48  Medivac x2  
  94  6:58  Barracks  
  94  6:59  Supply Depot  
  94  7:02  Marine x2, Barracks  
  94  7:03  Marauder, Supply Depot  
  94  7:06  Marauder  
  100  7:11  Widow Mine  
  102  7:18  Supply Depot  
  102  7:20  Marine x2  
  102  7:21  Widow Mine  
  106  7:24  Marauder  
  108  7:33  Medivac x2  
  109  7:37  SCV  
  109  7:38  Terran Infantry Armor Level 1, Marine x2, SCV  
  109  7:39  Marauder  
  109  7:43  Widow Mine x2  
  119  7:45  Marauder  
  121  7:54  Barracks Tech Lab  
  121  7:55  Barracks Reactor, SCV x2  
  121  7:56  Marine x2  
  125  8:00  Marauder  
  127  8:06  Marine  
  128  8:12  Orbital Command  
  128  8:13  SCV x2  
  128  8:14  Marine x2, Viking  
  128  8:18  Viking  
  136  8:22  Marauder  
  136  8:25  Marauder, SCV  
  141  8:29  Supply Depot  
  141  8:31  Ghost Academy  
  141  8:32  SCV  
  142  8:35  Concussive Shells  
  142  8:40  Marine x5  
  145  8:42  Marine  
  126  8:58  Viking x2  
  126  9:02  Marine  
  132  9:03  Marauder  
  132  9:05  SCV  
  130  9:10  Marine x2  
  130  9:11  Marauder  
  130  9:13  Widow Mine x2  
  130  9:15  SCV x2  
  130  9:16  Supply Depot  
  130  9:17  SCV  
  134  9:21  Armory  
  134  9:27  SCV  
  134  9:28  Marine  
  134  9:29  Marauder  
  138  9:32  Marine  
  138  9:33  Marauder  
  138  9:34  Widow Mine x2  
  145  9:39  Marine  
  145  9:40  Marauder  
  145  9:46  Medivac x2  
  145  9:48  Marine  
  145  9:49  Marine  
  145  9:50  Marauder  
  145  9:51  Marine  
  138  9:54  Marauder  
  138  9:55  SCV  
  138  9:56  Widow Mine x2  
  138  9:57  Marine  
  136  10:01  Marauder  
  136  10:06  Marine  
  137  10:07  Marine  
  137  10:08  Marine  
  137  10:09  Refinery x2, Terran Infantry Weapons Level 2  
  137  10:10  Supply Depot  
  137  10:11  Marauder  
  141  10:15  Marine, Sensor Tower  
  141  10:17  Widow Mine x2, Ghost  
  147  10:24  Marine  
  147  10:25  Marine  
  147  10:26  Marine, Ghost  
  153  10:32  Marine  
  153  10:33  Marine  
  154  10:36  Bunker  
  154  10:40  Command Center  
  154  10:42  Marine  
  155  10:43  Marine  
  155  10:44  Marine  
  155  10:46  Marine  
  155  10:47  SCV x2, Supply Depot  
  160  10:50  Marine, Ghost  
  160  10:54  Ghost  
  165  11:00  Marine  
  165  11:01  Marine  
  165  11:02  Marine  
  168  11:08  Marine, Barracks  
  168  11:09  Barracks, Supply Depot  
  168  11:10  Barracks, Supply Depot  
  169  11:13  Marauder  
  169  11:17  Marine, Viking  
  172  11:18  Marine x2  
  172  11:20  Marine  
  172  11:24  Marauder  
  177  11:26  Marine  
  177  11:28  Viking  
  180  11:34  Marauder  
  180  11:35  Marine  
  180  11:36  Marine  
  180  11:37  Marauder  
  186  11:44  Marine  
  186  11:45  Marauder  
  187  11:48  Marine  
  187  11:53  Marine  
  189  11:54  Marine  
  189  11:55  Marauder  
  189  11:58  Marauder  
  189  12:00  Viking x2  
  195  12:01  Marine  
  195  12:04  Barracks Reactor, Barracks Tech Lab x2  
  195  12:06  Marine  
  195  12:07  Marauder  
  195  12:17  Marauder  
  195  12:23  Marine, Marauder  
  195  12:26  Marauder  
Tags
 
Add a new tag
Caveats
  • Supply blocks, unpowered buildings, or Contaminate may cause inaccurate times.
  • Supply counts are checked every 10 seconds.